Senators vs Mulligans
(R1)
Created - October 30, 2019 at 20:17
Goals
|
| Senators |
0 |
2 |
1 |
3 |
| Mulligans |
1 |
1 |
2 |
4 |
|
Shots
|
| Senators |
13 |
11 |
10 |
34 |
| Mulligans |
12 |
15 |
15 |
42 |
|
1st period
1. Mulligans , Matt Beleskey 3 (Logan Shaw 2, Sam Bennett 3) at 19:22 (PP)
Penalties :
Matt Frattin (BIN) for Hooking (Minor) at 7:36, Jan Mursak (BIN) for Roughing (Minor) at 18:43
2nd period
2. Senators , Andy Andreoff 2 (Michal Repik 3, Chandler Stephenson 3) at 10:30
3. Mulligans , Eric Tangradi 5 (Anton Lander 4, Thomas Hickey 3) at 18:14 (PP)
4. Senators , Nick Foligno 5 (Scott Harrington 5, Keegan Lowe 1) at 18:26
Penalties :
Mason Geertsen (BIN) for High sticking (Minor) at 5:25, Matt Frattin (BIN) for High sticking (Minor) at 8:00, Blake Coleman (BIN) for Holding Stick (Minor) at 18:04, Keegan Lowe (BIN) for Holding (Minor) at 18:56
3rd period
5. Mulligans , Logan Shaw 3 (Michael Sdao 1, Sam Bennett 4) at 0:43 (PP)
6. Senators , Maxim Letunov 1 (Dylan Blujus 4, Jack Dougherty 1) at 4:57
7. Mulligans , Eric Tangradi 6 (Cody Goloubef 1, Anton Lander 5) at 14:57
Penalties :
Keegan Lowe (BIN) for Slashing (Minor) at 15:12, Eric Tangradi (Rep) for Goalie Interference (Minor) at 19:00
Goalie Stats
Stephon Williams (BIN), 38 saves from 42 shots - (0.905), L, 0-1-0, 59:22 minutes
Calvin Pickard (Rep), 31 saves from 34 shots - (0.912), W, 3-1-1, 60:00 minutes
Players Stats for Senators
Player Name G A P +/- PIM S H SB GA TA FO MP PP MP PK MP
------------------------------------------------------------------------------------
Adam Ollas-Mattsson 0 0 0 1 0 1 0 0 1 1 0/0 14:21 0:00 2:37
Andy Andreoff 1 0 1 1 0 2 1 0 0 0 0/0 14:04 0:00 4:03
Blake Coleman 0 0 0 1 2 0 0 1 0 0 4/6 10:05 0:00 0:15
Brett Bulmer 0 0 0 0 0 0 0 0 0 0 0/0 1:12 0:00 0:00
Chandler Stephenson 0 1 1 -1 0 0 2 1 0 0 3/11 16:23 0:21 0:44
Dylan Blujus 0 1 1 0 0 0 2 2 1 0 0/0 19:49 0:14 4:38
Grant Besse 0 0 0 1 0 3 0 0 0 0 0/0 6:38 0:00 0:00
Jack Dougherty 0 1 1 0 0 0 2 3 0 0 0/0 19:30 0:14 4:21
Jan Mursak 0 0 0 -1 2 4 3 0 0 1 0/2 20:02 0:21 5:36
Keegan Lowe 0 1 1 1 4 3 3 3 0 2 0/0 25:45 0:45 3:10
Mason Geertsen 0 0 0 1 2 0 2 1 1 0 0/0 13:21 0:00 0:26
Matt Frattin 0 0 0 1 4 4 0 2 0 0 2/2 19:00 0:38 1:48
Maxim Letunov 1 0 1 1 0 1 1 0 0 0 0/0 6:38 0:00 0:00
Michal Repik 0 1 1 1 0 4 0 0 1 0 0/0 9:51 0:00 0:00
Nick Foligno 1 0 1 1 0 5 0 1 0 2 4/11 22:13 0:38 5:05
Patrick Maroon 0 0 0 1 0 2 0 1 0 0 2/4 9:31 0:00 2:47
Scott Harrington 0 1 1 1 0 2 0 4 0 2 0/0 27:17 0:45 5:52
Tomas Jurco 0 0 0 -1 0 1 3 1 1 1 0/2 15:39 0:21 0:00
Warren Foegele 0 0 0 0 0 0 0 0 0 0 0/0 0:25 0:00 0:23
Zemgus Girgensons 0 0 0 1 0 2 0 0 0 0 12/26 17:37 0:38 0:23
Players Stats for Mulligans
Player Name G A P +/- PIM S H SB GA TA FO MP PP MP PK MP
------------------------------------------------------------------------------------
Anton Lander 0 2 2 0 0 2 1 1 0 0 20/27 22:14 5:05 0:10
Ben Hutton 0 0 0 0 0 2 2 1 0 0 0/0 19:13 4:50 0:00
Cade Fairchild 0 0 0 1 0 2 1 3 0 0 0/0 10:16 0:00 0:28
Cody Goloubef 0 1 1 -2 0 4 2 1 0 1 0/0 25:17 5:42 0:31
Dalton Thrower 0 0 0 -1 0 0 0 0 0 0 0/0 5:14 0:00 0:00
Darren Dietz 0 0 0 1 0 0 0 0 1 0 0/0 9:48 0:00 0:00
Drayson Bowman 0 0 0 0 0 0 2 0 1 0 0/1 12:38 0:00 0:00
Eric Tangradi 2 0 2 0 2 13 2 1 2 1 0/1 21:48 5:05 0:00
Jonathan Ferland 0 0 0 0 0 3 2 0 0 0 0/0 13:21 0:27 0:49
Joonas Donskoi 0 0 0 -2 0 2 2 1 0 1 0/0 8:46 0:41 0:00
Logan Shaw 1 1 2 0 0 2 3 1 0 0 0/1 16:11 4:42 0:10
Matt Beleskey 1 0 1 0 0 2 0 0 0 0 0/0 16:41 4:42 0:00
Maxime Macenauer 0 0 0 0 0 2 2 0 1 0 7/14 13:48 0:21 0:49
Michael Sdao 0 1 1 0 0 1 2 1 0 0 0/0 19:40 4:50 0:28
Robbie Russo 0 0 0 -1 0 0 0 0 0 1 0/0 5:14 0:00 0:00
Robby Fabbri 0 0 0 -2 0 2 0 1 0 0 3/5 7:31 0:00 0:00
Sam Bennett 0 2 2 0 0 0 1 0 1 0 6/14 16:32 4:42 0:00
Sven Baertschi 0 0 0 -2 0 1 2 0 0 0 0/0 7:47 0:45 0:00
Thomas Hickey 0 1 1 -2 0 2 2 4 3 1 0/0 25:17 5:42 0:31
Valeri Nichushkin 0 0 0 0 0 2 2 0 0 0 1/1 21:43 5:06 0:00
3 Stars
1 - Logan Shaw (Rep)
2 - Eric Tangradi (Rep)
3 - Maxim Letunov (BIN)
Power Play
Senators - 0 on 2 Attempt(s) - 0.00%
Mulligans - 3 on 6 Attempt(s) - 50.00%
Penalty Kill
Senators - 3 on 6 Attempt(s) - 50.00%
- Score 0 goal in Penalty Kill
Mulligans - 2 on 2 Attempt(s) - 100.00%
- Score 0 goal in Penalty Kill
Team Stat
Senators - Hits : 19 - Faceoff Wins : 27 - Blocked Shots : 20 - Penalty Minutes : 14
Mulligans - Hits : 28 - Faceoff Wins : 37 - Blocked Shots : 15 - Penalty Minutes : 2
Official
Referees : Unknown
Linesman : Unknown
Game Notes
10:45 of 3rd period - Penalty Shot by Matt Beleskey for Mulligans - Stopped by Stephon Williams
Finance
Level 1 -- Attendance: 1368 (68.40%) -- Ticket Income $34,200
Level 2 -- Attendance: 778 (77.80%) -- Ticket Income $9,336
Total Attendance: 2146 (71.53%)
Total Ticket Income: $43,536
Other Income: $2,177
Total Income: $45,713
Senators
5 vs 5 Forward
Center Left Wing Right Wing Time % Phy DF OF
1 Zemgus Girgensons Nick Foligno Matt Frattin 40 1 2 2
2 Chandler Stephenson Jan Mursak Tomas Jurco 30 1 2 2
3 Blake Coleman Andy Andreoff Michal Repik 20 1 2 2
4 Maxim Letunov Patrick Maroon Grant Besse 10 1 2 2
5 vs 5 Defense
Defense Defense Time % Phy DF OF
1 Scott Harrington Keegan Lowe 40 1 2 2
2 Dylan Blujus Jack Dougherty 30 1 2 2
3 Mason Geertsen Adam Ollas-Mattsson 20 1 2 2
4 Scott Harrington Keegan Lowe 10 1 2 2
PowerPlay Forward
Center Left Wing Right Wing Time % Phy DF OF
1 Zemgus Girgensons Nick Foligno Matt Frattin 60 1 2 2
2 Chandler Stephenson Jan Mursak Tomas Jurco 40 1 2 2
PowerPlay Defense
Defense Defense Time % Phy DF OF
1 Scott Harrington Keegan Lowe 60 1 2 2
2 Dylan Blujus Jack Dougherty 40 1 2 2
Penalty Kill 4 Players Forward
Center Wing Time % Phy DF OF
1 Nick Foligno Jan Mursak 60 1 2 2
2 Matt Frattin Andy Andreoff 40 1 2 2
Penalty Kill 4 Players Defense
Defense Defense Time % Phy DF OF
1 Scott Harrington Keegan Lowe 60 1 2 2
2 Dylan Blujus Jack Dougherty 40 1 2 2
Penalty Kill - 3 Players Forward
Forward Time % Phy DF OF
1 Nick Foligno 60 1 2 2
2 Jan Mursak 40 1 2 2
Penalty Kill - 3 Players Defense
Defense Defense Time % Phy DF OF
1 Scott Harrington Keegan Lowe 60 1 2 2
2 Dylan Blujus Jack Dougherty 40 1 2 2
4 vs 4 Forward
Center Wing Time % Phy DF OF
1 Nick Foligno Jan Mursak 60 1 2 2
2 Matt Frattin Andy Andreoff 40 1 2 2
4 vs 4 Defense
Defense Defense Time % Phy DF OF
1 Scott Harrington Keegan Lowe 60 1 2 2
2 Dylan Blujus Jack Dougherty 40 1 2 2
Last Minutes Offensive
Center Left Wing Right Wing Defense Defense
Zemgus Girgensons Nick Foligno Matt Frattin Scott Harrington Keegan Lowe
Last Minutes Defensive
Center Left Wing Right Wing Defense Defense
Zemgus Girgensons Nick Foligno Matt Frattin Scott Harrington Keegan Lowe
Goaltenders
Starting : Stephon Williams
Backup : Justin Peters
Extra Forwards
Normal : Brett Bulmer, Warren Foegele, Patrick Maroon - PP : Brett Bulmer, Warren Foegele - PK : Patrick Maroon
Extra Defensemen
Normal : Mason Geertsen, Adam Ollas-Mattsson, Dylan Blujus - PP : Mason Geertsen - PK : Adam Ollas-Mattsson, Dylan Blujus
Penalty Shots
Nick Foligno, Jan Mursak, Matt Frattin, Andy Andreoff, Tomas Jurco
Scratches
Jake Evans (Back Surgery Injury)
Mulligans
5 vs 5 Forward
Center Left Wing Right Wing Time % Phy DF OF
1 Anton Lander Eric Tangradi Valeri Nichushkin 34 0 2 3
2 Maxime Macenauer Drayson Bowman Logan Shaw 26 0 2 3
3 Sam Bennett Matt Beleskey Jonathan Ferland 26 0 2 3
4 Robby Fabbri Sven Baertschi Joonas Donskoi 14 0 2 3
5 vs 5 Defense
Defense Defense Time % Phy DF OF
1 Thomas Hickey Cody Goloubef 40 0 3 2
2 Michael Sdao Ben Hutton 30 0 3 2
3 Cade Fairchild Darren Dietz 20 0 3 2
4 Dalton Thrower Robbie Russo 10 0 3 2
PowerPlay Forward
Center Left Wing Right Wing Time % Phy DF OF
1 Anton Lander Eric Tangradi Valeri Nichushkin 60 0 1 4
2 Sam Bennett Matt Beleskey Logan Shaw 40 0 1 4
PowerPlay Defense
Defense Defense Time % Phy DF OF
1 Thomas Hickey Cody Goloubef 60 0 2 3
2 Michael Sdao Ben Hutton 40 0 2 3
Penalty Kill 4 Players Forward
Center Wing Time % Phy DF OF
1 Maxime Macenauer Jonathan Ferland 60 1 3 1
2 Anton Lander Eric Tangradi 40 1 3 1
Penalty Kill 4 Players Defense
Defense Defense Time % Phy DF OF
1 Thomas Hickey Cody Goloubef 60 0 4 1
2 Michael Sdao Cade Fairchild 40 0 4 1
Penalty Kill - 3 Players Forward
Forward Time % Phy DF OF
1 Eric Tangradi 60 1 3 1
2 Jonathan Ferland 40 1 3 1
Penalty Kill - 3 Players Defense
Defense Defense Time % Phy DF OF
1 Thomas Hickey Cody Goloubef 60 1 4 0
2 Michael Sdao Cade Fairchild 40 1 4 0
4 vs 4 Forward
Center Wing Time % Phy DF OF
1 Anton Lander Eric Tangradi 60 0 2 3
2 Sam Bennett Jonathan Ferland 40 0 2 3
4 vs 4 Defense
Defense Defense Time % Phy DF OF
1 Thomas Hickey Cody Goloubef 60 1 2 2
2 Michael Sdao Ben Hutton 40 1 2 2
Last Minutes Offensive
Center Left Wing Right Wing Defense Defense
Anton Lander Eric Tangradi Jonathan Ferland Thomas Hickey Cody Goloubef
Last Minutes Defensive
Center Left Wing Right Wing Defense Defense
Anton Lander Eric Tangradi Jonathan Ferland Thomas Hickey Cody Goloubef
Goaltenders
Starting : Calvin Pickard
Backup : Juuse Saros
Extra Forwards
Normal : Joonas Donskoi, Sven Baertschi, Robby Fabbri - PP : Jonathan Ferland, Sven Baertschi - PK : Logan Shaw
Extra Defensemen
Normal : Cade Fairchild, Darren Dietz, Dalton Thrower - PP : Cade Fairchild - PK : Darren Dietz, Dalton Thrower
Penalty Shots
Jonathan Ferland, Maxime Macenauer, Eric Tangradi, Drayson Bowman, Anton Lander
Scratches
Reid Boucher (Healthy), Nick Moutrey (Healthy), John Hayden (Healthy), Jonny Brodzinski (Healthy), Cristiano Digiacinto (Healthy)
% Time on Ice - Senators
Lines # - Real PCT - Wanted PCT - Time Play
Normal Forward
1 - 34% - 40% - 16:27
2 - 32% - 30% - 15:24
3 - 20% - 20% - 9:51
4 - 14% - 10% - 6:38
Normal Defense
1 - 40% - 40% - 19:32
2 - 31% - 30% - 14:46
3 - 24% - 20% - 11:41
4 - 5% - 10% - 2:21
PP Forward
1 - 64% - 60% - 0:38
2 - 36% - 40% - 0:21
PP Defense
1 - 76% - 60% - 0:45
2 - 24% - 40% - 0:14
PK Forward
1 - 71% - 60% - 7:29
2 - 29% - 40% - 3:03
PK Defense
1 - 59% - 60% - 6:11
2 - 41% - 40% - 4:21
PK3 Forward
1 - 0% - 60%
2 - 0% - 40%
PK3 Defense
1 - 0% - 60%
2 - 0% - 40%
44 Forward
1 - 0% - 60%
2 - 0% - 40%
44 Defense
1 - 0% - 60%
2 - 0% - 40%
Last Minute Offensive - 0:09
Last Minute Defensive - 0:00
Total
Forward - 60:00
Defense - 60:00
|
% Time on Ice - Mulligans
Lines # - Real PCT - Wanted PCT - Time Play
Normal Forward
1 - 34% - 34% - 16:37
2 - 27% - 26% - 12:51
3 - 25% - 26% - 11:52
4 - 14% - 14% - 6:59
Normal Defense
1 - 39% - 40% - 19:04
2 - 29% - 30% - 14:13
3 - 20% - 20% - 9:48
4 - 11% - 10% - 5:14
PP Forward
1 - 55% - 60% - 5:50
2 - 45% - 40% - 4:42
PP Defense
1 - 54% - 60% - 5:42
2 - 46% - 40% - 4:50
PK Forward
1 - 83% - 60% - 0:49
2 - 17% - 40% - 0:10
PK Defense
1 - 53% - 60% - 0:31
2 - 47% - 40% - 0:28
PK3 Forward
1 - 0% - 60%
2 - 0% - 40%
PK3 Defense
1 - 0% - 60%
2 - 0% - 40%
44 Forward
1 - 0% - 60%
2 - 0% - 40%
44 Defense
1 - 0% - 60%
2 - 0% - 40%
Last Minute Offensive - 0:00
Last Minute Defensive - 0:10
Total
Forward - 60:00
Defense - 60:00
|
Play-by-Play
1st period
0:01 of 1st period - Anton Lander wins face-off versus Zemgus Girgensons in neutral zone.
0:16 of 1st period - Snap shot by Eric Tangradi.
0:16 of 1st period - Shot Misses the Net.
0:35 of 1st period - Backhand shot by Drayson Bowman.
0:35 of 1st period - Shot Misses the Net.
0:41 of 1st period - Drayson Bowman is hit by Keegan Lowe and loses puck.
0:52 of 1st period - Michal Repik is hit by Jonathan Ferland and loses puck.
1:13 of 1st period - Cade Fairchild is hit by Jack Dougherty.
2:42 of 1st period - Snap shot by Grant Besse.
2:42 of 1st period - Stopped by Calvin Pickard with a rebound.
2:48 of 1st period - Snap shot by Patrick Maroon.
2:48 of 1st period - Deflect By Grant Besse.
2:48 of 1st period - Stopped by Calvin Pickard with a rebound.
2:58 of 1st period - Matt Frattin is hit by Ben Hutton and loses puck.
3:57 of 1st period - Patrick Maroon is hit by Joonas Donskoi and loses puck.
4:06 of 1st period - Wrist shot by Joonas Donskoi.
4:06 of 1st period - Shot Blocked by Mason Geertsen.
4:21 of 1st period - Off-side.
4:22 of 1st period - Anton Lander wins face-off versus Zemgus Girgensons in neutral zone.
4:25 of 1st period - Nick Foligno is hit by Eric Tangradi and loses puck.
4:56 of 1st period - Snap shot by Nick Foligno.
4:56 of 1st period - Shot Misses the Net.
5:16 of 1st period - Drayson Bowman is hit by Dylan Blujus and loses puck.
5:36 of 1st period - Snap shot by Grant Besse.
5:36 of 1st period - Deflect By Patrick Maroon.
5:36 of 1st period - Stopped by Calvin Pickard without a rebound.
5:37 of 1st period - Patrick Maroon wins face-off versus Robby Fabbri in Mulligans zone.
5:38 of 1st period - Snap shot by Grant Besse.
5:38 of 1st period - Shot Blocked by Robby Fabbri.
5:40 of 1st period - Snap shot by Scott Harrington.
5:40 of 1st period - Deflect By Patrick Maroon.
5:40 of 1st period - Stopped by Calvin Pickard with a rebound.
5:42 of 1st period - Slapshot by Scott Harrington.
5:42 of 1st period - Shot Misses the Net.
5:44 of 1st period - Snap shot by Patrick Maroon.
5:44 of 1st period - Shot Blocked by Cody Goloubef.
5:46 of 1st period - Wrist shot by Grant Besse.
5:46 of 1st period - Stopped by Calvin Pickard without a rebound.
5:47 of 1st period - Anton Lander wins face-off versus Zemgus Girgensons in Mulligans zone.
6:23 of 1st period - Slapshot by Eric Tangradi.
6:23 of 1st period - Shot Misses the Net.
6:25 of 1st period - Slapshot by Cody Goloubef.
6:25 of 1st period - Shot Misses the Net.
6:27 of 1st period - Slapshot by Cody Goloubef.
6:27 of 1st period - Shot Blocked by Keegan Lowe.
6:29 of 1st period - Wrist shot by Eric Tangradi.
6:29 of 1st period - Shot Blocked by Matt Frattin.
6:31 of 1st period - Slapshot by Cody Goloubef.
6:31 of 1st period - Shot Blocked by Nick Foligno.
6:33 of 1st period - Wrist shot by Eric Tangradi.
6:33 of 1st period - Shot Misses the Net.
6:35 of 1st period - Backhand shot by Eric Tangradi.
6:35 of 1st period - Stopped by Stephon Williams with a rebound.
6:37 of 1st period - Slapshot by Anton Lander.
6:37 of 1st period - Shot Misses the Net.
6:39 of 1st period - Wrist shot by Eric Tangradi.
6:39 of 1st period - Stopped by Stephon Williams with a rebound.
6:41 of 1st period - Snap shot by Eric Tangradi.
6:41 of 1st period - Shot Misses the Net.
6:43 of 1st period - Slapshot by Valeri Nichushkin.
6:43 of 1st period - Shot Misses the Net.
6:47 of 1st period - Snap shot by Anton Lander.
6:47 of 1st period - Shot Misses the Net.
6:49 of 1st period - Snap shot by Anton Lander.
6:49 of 1st period - Shot Hit the Post.
6:59 of 1st period - Snap shot by Anton Lander.
6:59 of 1st period - Stopped by Stephon Williams with a rebound.
7:01 of 1st period - Snap shot by Eric Tangradi.
7:01 of 1st period - Stopped by Stephon Williams with a rebound.
7:25 of 1st period - Snap shot by Anton Lander.
7:25 of 1st period - Shot Blocked by Scott Harrington.
7:36 of 1st period - Minor Penalty to Matt Frattin for Hooking.
7:37 of 1st period - Sam Bennett wins face-off versus Patrick Maroon in Senators zone.
7:39 of 1st period - Wrist shot by Matt Beleskey.
7:39 of 1st period - Stopped by Stephon Williams with a rebound.
7:49 of 1st period - Snap shot by Logan Shaw.
7:49 of 1st period - Stopped by Stephon Williams without a rebound.
7:50 of 1st period - Patrick Maroon wins face-off versus Sam Bennett in Senators zone.
7:50 of 1st period - Patrick Maroon is hit by Sam Bennett.
8:06 of 1st period - Slapshot by Matt Beleskey.
8:06 of 1st period - Shot Misses the Net.
8:29 of 1st period - Scott Harrington is hit by Logan Shaw and loses puck.
9:36 of 1st period - Penalty to Matt Frattin is over, Matt Frattin is back on ice.
11:21 of 1st period - Dalton Thrower is hit by Mason Geertsen and loses puck.
12:02 of 1st period - Scott Harrington is hit by Thomas Hickey and loses puck.
12:30 of 1st period - Cody Goloubef is hit by Jan Mursak and loses puck.
12:51 of 1st period - Anton Lander is hit by Andy Andreoff and loses puck.
13:18 of 1st period - Off-side.
13:19 of 1st period - Robby Fabbri wins face-off versus Jan Mursak in neutral zone.
13:27 of 1st period - Snap shot by Jan Mursak.
13:27 of 1st period - Stopped by Calvin Pickard without a rebound.
13:28 of 1st period - Chandler Stephenson wins face-off versus Sam Bennett in Mulligans zone.
13:39 of 1st period - Jan Mursak is hit by Jonathan Ferland and loses puck.
14:17 of 1st period - Snap shot by Blake Coleman.
14:17 of 1st period - Shot Misses the Net.
14:19 of 1st period - Wrist shot by Andy Andreoff.
14:19 of 1st period - Stopped by Calvin Pickard without a rebound.
14:20 of 1st period - Sam Bennett wins face-off versus Tomas Jurco in Mulligans zone.
14:20 of 1st period - Sam Bennett is hit by Tomas Jurco.
14:26 of 1st period - Slapshot by Jonathan Ferland.
14:26 of 1st period - Shot Blocked by Dylan Blujus.
14:28 of 1st period - Slapshot by Michael Sdao.
14:28 of 1st period - Shot Misses the Net.
15:37 of 1st period - Wrist shot by Jonathan Ferland.
15:37 of 1st period - Stopped by Stephon Williams with a rebound.
15:39 of 1st period - Backhand shot by Ben Hutton.
15:39 of 1st period - Shot Blocked by Dylan Blujus.
15:41 of 1st period - Snap shot by Jonathan Ferland.
15:41 of 1st period - Shot Misses the Net.
15:43 of 1st period - Snap shot by Matt Beleskey.
15:43 of 1st period - Shot Blocked by Jack Dougherty.
15:45 of 1st period - Slapshot by Michael Sdao.
15:45 of 1st period - Stopped by Stephon Williams without a rebound.
15:46 of 1st period - Zemgus Girgensons wins face-off versus Drayson Bowman in Senators zone.
15:46 of 1st period - Zemgus Girgensons is hit by Maxime Macenauer.
16:00 of 1st period - Snap shot by Maxime Macenauer.
16:00 of 1st period - Stopped by Stephon Williams without a rebound.
16:01 of 1st period - Blake Coleman wins face-off versus Eric Tangradi in Senators zone.
16:08 of 1st period - Snap shot by Andy Andreoff.
16:08 of 1st period - Deflect By Michal Repik.
16:08 of 1st period - Stopped by Calvin Pickard with a rebound.
16:10 of 1st period - Slapshot by Keegan Lowe.
16:10 of 1st period - Stopped by Calvin Pickard with a rebound.
16:12 of 1st period - Snap shot by Andy Andreoff.
16:12 of 1st period - Shot Blocked by Thomas Hickey.
16:14 of 1st period - Wrist shot by Michal Repik.
16:14 of 1st period - Stopped by Calvin Pickard with a rebound.
16:16 of 1st period - Slapshot by Scott Harrington.
16:16 of 1st period - Stopped by Calvin Pickard with a rebound.
16:30 of 1st period - Wrist shot by Nick Foligno.
16:30 of 1st period - Stopped by Calvin Pickard without a rebound.
16:31 of 1st period - Zemgus Girgensons wins face-off versus Maxime Macenauer in Mulligans zone.
16:44 of 1st period - Snap shot by Matt Frattin.
16:44 of 1st period - Shot Blocked by Cade Fairchild.
16:46 of 1st period - Snap shot by Matt Frattin.
16:46 of 1st period - Shot Misses the Net.
16:56 of 1st period - Blake Coleman is hit by Anton Lander and loses puck.
17:46 of 1st period - Off-side.
17:47 of 1st period - Anton Lander wins face-off versus Chandler Stephenson in neutral zone.
17:52 of 1st period - Slapshot by Ben Hutton.
17:52 of 1st period - Stopped by Stephon Williams with a rebound.
17:54 of 1st period - Snap shot by Anton Lander.
17:54 of 1st period - Shot Blocked by Chandler Stephenson.
17:56 of 1st period - Snap shot by Anton Lander.
17:56 of 1st period - Shot Misses the Net.
17:58 of 1st period - Slapshot by Ben Hutton.
17:58 of 1st period - Shot Misses the Net.
18:00 of 1st period - Snap shot by Anton Lander.
18:00 of 1st period - Shot Blocked by Tomas Jurco.
18:02 of 1st period - Snap shot by Eric Tangradi.
18:02 of 1st period - Stopped by Stephon Williams without a rebound.
18:03 of 1st period - Zemgus Girgensons wins face-off versus Maxime Macenauer in Senators zone.
18:43 of 1st period - Minor Penalty to Jan Mursak for Roughing.
18:44 of 1st period - Anton Lander wins face-off versus Nick Foligno in Senators zone.
18:54 of 1st period - Backhand shot by Thomas Hickey.
18:54 of 1st period - Shot Misses the Net.
19:22 of 1st period - Snap shot by Matt Beleskey.
19:22 of 1st period - Goal by Matt Beleskey - Senators : 0 - Mulligans : 1.
19:23 of 1st period - Anton Lander wins face-off versus Tomas Jurco in neutral zone.
19:56 of 1st period - Slapshot by Nick Foligno.
19:56 of 1st period - Stopped by Calvin Pickard with a rebound.
Goals for this period are 0 for Senators vs 1 for Mulligans.
Shots for this period are 13 for Senators vs 12 for Mulligans.
2nd period
0:01 of 2nd period - Sam Bennett wins face-off versus Nick Foligno in neutral zone.
0:08 of 2nd period - Slapshot by Jonathan Ferland.
0:08 of 2nd period - Shot Misses the Net.
0:10 of 2nd period - Snap shot by Sam Bennett.
0:10 of 2nd period - Shot Misses the Net.
0:23 of 2nd period - Icing by Matt Beleskey.
0:24 of 2nd period - Anton Lander wins face-off versus Chandler Stephenson in Mulligans zone.
0:33 of 2nd period - Valeri Nichushkin is hit by Dylan Blujus and loses puck.
1:40 of 2nd period - Wrist shot by Joonas Donskoi.
1:40 of 2nd period - Deflect By Robby Fabbri.
1:40 of 2nd period - Stopped by Stephon Williams without a rebound.
1:41 of 2nd period - Robby Fabbri wins face-off versus Zemgus Girgensons in Senators zone.
1:46 of 2nd period - Snap shot by Sven Baertschi.
1:46 of 2nd period - Stopped by Stephon Williams with a rebound.
1:48 of 2nd period - Slapshot by Thomas Hickey.
1:48 of 2nd period - Stopped by Stephon Williams without a rebound.
1:49 of 2nd period - Anton Lander wins face-off versus Zemgus Girgensons in Senators zone.
1:50 of 2nd period - Snap shot by Eric Tangradi.
1:50 of 2nd period - Stopped by Stephon Williams with a rebound.
2:16 of 2nd period - Snap shot by Drayson Bowman.
2:16 of 2nd period - Deflect By Maxime Macenauer.
2:16 of 2nd period - Shot Blocked by Matt Frattin.
2:16 of 2nd period - Puck is out of play.
2:17 of 2nd period - Chandler Stephenson wins face-off versus Maxime Macenauer in Senators zone.
2:42 of 2nd period - Snap shot by Michal Repik.
2:42 of 2nd period - Stopped by Calvin Pickard without a rebound.
2:43 of 2nd period - Blake Coleman wins face-off versus Anton Lander in Mulligans zone.
3:10 of 2nd period - Scott Harrington is hit by Cody Goloubef.
3:18 of 2nd period - Wrist shot by Matt Frattin.
3:18 of 2nd period - Stopped by Calvin Pickard without a rebound.
3:19 of 2nd period - Anton Lander wins face-off versus Chandler Stephenson in Mulligans zone.
3:58 of 2nd period - Off-side.
3:59 of 2nd period - Sam Bennett wins face-off versus Zemgus Girgensons in neutral zone.
4:24 of 2nd period - Andy Andreoff is hit by Cody Goloubef and loses puck.
4:53 of 2nd period - Wrist shot by Logan Shaw.
4:53 of 2nd period - Shot Blocked by Scott Harrington.
5:04 of 2nd period - Off-side.
5:05 of 2nd period - Robby Fabbri wins face-off versus Chandler Stephenson in neutral zone.
5:14 of 2nd period - Backhand shot by Thomas Hickey.
5:14 of 2nd period - Stopped by Stephon Williams with a rebound.
5:16 of 2nd period - Wrist shot by Joonas Donskoi.
5:16 of 2nd period - Stopped by Stephon Williams with a rebound.
5:18 of 2nd period - Slapshot by Cody Goloubef.
5:18 of 2nd period - Stopped by Stephon Williams with a rebound.
5:20 of 2nd period - Slapshot by Cody Goloubef.
5:20 of 2nd period - Stopped by Stephon Williams without a rebound.
5:21 of 2nd period - Sam Bennett wins face-off versus Zemgus Girgensons in Senators zone.
5:25 of 2nd period - Minor Penalty to Mason Geertsen for High sticking.
5:26 of 2nd period - Anton Lander wins face-off versus Nick Foligno in Senators zone.
5:30 of 2nd period - Snap shot by Eric Tangradi.
5:30 of 2nd period - Stopped by Stephon Williams without a rebound.
5:31 of 2nd period - Anton Lander wins face-off versus Nick Foligno in Senators zone.
7:25 of 2nd period - Penalty to Mason Geertsen is over, Mason Geertsen is back on ice.
7:34 of 2nd period - Chandler Stephenson is hit by Ben Hutton and loses puck.
8:00 of 2nd period - Minor Penalty to Matt Frattin for High sticking.
8:01 of 2nd period - Valeri Nichushkin wins face-off versus Jan Mursak in Senators zone.
8:44 of 2nd period - Jan Mursak is hit by Michael Sdao and loses puck.
8:55 of 2nd period - Wrist shot by Jan Mursak.
8:55 of 2nd period - Stopped by Calvin Pickard without a rebound.
8:56 of 2nd period - Anton Lander wins face-off versus Patrick Maroon in Mulligans zone.
9:26 of 2nd period - Slapshot by Cody Goloubef.
9:26 of 2nd period - Shot Blocked by Scott Harrington.
10:00 of 2nd period - Penalty to Matt Frattin is over, Matt Frattin is back on ice.
10:30 of 2nd period - Snap shot by Andy Andreoff.
10:30 of 2nd period - Deflect By Robbie Russo.
10:30 of 2nd period - Goal by Andy Andreoff - Senators : 1 - Mulligans : 1.
10:31 of 2nd period - Anton Lander wins face-off versus Zemgus Girgensons in neutral zone.
10:57 of 2nd period - Thomas Hickey is hit by Chandler Stephenson and loses puck.
11:02 of 2nd period - Wrist shot by Jan Mursak.
11:02 of 2nd period - Shot Blocked by Thomas Hickey.
11:16 of 2nd period - Snap shot by Logan Shaw.
11:16 of 2nd period - Deflect By Maxime Macenauer.
11:16 of 2nd period - Shot Blocked by Blake Coleman.
11:16 of 2nd period - Puck is out of play.
11:17 of 2nd period - Blake Coleman wins face-off versus Maxime Macenauer in Senators zone.
11:49 of 2nd period - Wrist shot by Anton Lander.
11:49 of 2nd period - Shot Misses the Net.
11:55 of 2nd period - Eric Tangradi is hit by Keegan Lowe and loses puck.
12:27 of 2nd period - Slapshot by Robby Fabbri.
12:27 of 2nd period - Stopped by Stephon Williams with a rebound.
12:29 of 2nd period - Snap shot by Robby Fabbri.
12:29 of 2nd period - Deflect By Patrick Maroon.
12:29 of 2nd period - Shot Blocked by Jack Dougherty.
12:29 of 2nd period - Puck is out of play.
12:30 of 2nd period - Zemgus Girgensons wins face-off versus Robby Fabbri in Senators zone.
12:39 of 2nd period - Snap shot by Zemgus Girgensons.
12:39 of 2nd period - Stopped by Calvin Pickard with a rebound.
12:41 of 2nd period - Wrist shot by Zemgus Girgensons.
12:41 of 2nd period - Shot Blocked by Thomas Hickey.
12:43 of 2nd period - Backhand shot by Matt Frattin.
12:43 of 2nd period - Shot Misses the Net.
12:57 of 2nd period - Tomas Jurco is hit by Thomas Hickey and loses puck.
13:22 of 2nd period - Adam Ollas-Mattsson is hit by Cade Fairchild and loses puck.
13:48 of 2nd period - Snap shot by Matt Frattin.
13:48 of 2nd period - Shot Misses the Net.
14:04 of 2nd period - Slapshot by Joonas Donskoi.
14:04 of 2nd period - Shot Misses the Net.
14:06 of 2nd period - Slapshot by Joonas Donskoi.
14:06 of 2nd period - Shot Blocked by Patrick Maroon.
14:08 of 2nd period - Snap shot by Joonas Donskoi.
14:08 of 2nd period - Shot Misses the Net.
14:10 of 2nd period - Slapshot by Sven Baertschi.
14:10 of 2nd period - Shot Blocked by Scott Harrington.
14:20 of 2nd period - Scott Harrington is hit by Valeri Nichushkin and loses puck.
15:27 of 2nd period - Thomas Hickey is hit by Jack Dougherty and loses puck.
15:38 of 2nd period - Eric Tangradi is hit by Tomas Jurco and loses puck.
15:43 of 2nd period - Snap shot by Jan Mursak.
15:43 of 2nd period - Shot Blocked by Anton Lander.
15:45 of 2nd period - Snap shot by Adam Ollas-Mattsson.
15:45 of 2nd period - Stopped by Calvin Pickard without a rebound.
15:46 of 2nd period - Nick Foligno wins face-off versus Sam Bennett in Mulligans zone.
16:11 of 2nd period - Keegan Lowe is hit by Maxime Macenauer and loses puck.
16:30 of 2nd period - Slapshot by Keegan Lowe.
16:30 of 2nd period - Shot Blocked by Cade Fairchild.
16:32 of 2nd period - Slapshot by Keegan Lowe.
16:32 of 2nd period - Shot Blocked by Joonas Donskoi.
16:40 of 2nd period - Scott Harrington is hit by Sven Baertschi and loses puck.
17:01 of 2nd period - Jack Dougherty is hit by Valeri Nichushkin.
17:15 of 2nd period - Wrist shot by Matt Frattin.
17:15 of 2nd period - Stopped by Calvin Pickard without a rebound.
17:16 of 2nd period - Zemgus Girgensons wins face-off versus Sam Bennett in Mulligans zone.
17:43 of 2nd period - Snap shot by Eric Tangradi.
17:43 of 2nd period - Stopped by Stephon Williams with a rebound.
17:51 of 2nd period - Valeri Nichushkin is hit by Jan Mursak.
18:04 of 2nd period - Minor Penalty to Blake Coleman for Holding Stick.
18:05 of 2nd period - Anton Lander wins face-off versus Nick Foligno in Senators zone.
18:14 of 2nd period - Wrist shot by Eric Tangradi.
18:14 of 2nd period - Goal by Eric Tangradi - Senators : 1 - Mulligans : 2.
18:15 of 2nd period - Zemgus Girgensons wins face-off versus Anton Lander in neutral zone.
18:20 of 2nd period - Snap shot by Keegan Lowe.
18:20 of 2nd period - Shot Misses the Net.
18:22 of 2nd period - Slapshot by Scott Harrington.
18:22 of 2nd period - Shot Blocked by Eric Tangradi.
18:26 of 2nd period - Slapshot by Nick Foligno.
18:26 of 2nd period - Goal by Nick Foligno - Senators : 2 - Mulligans : 2.
18:27 of 2nd period - Anton Lander wins face-off versus Zemgus Girgensons in neutral zone.
18:30 of 2nd period - Slapshot by Cody Goloubef.
18:30 of 2nd period - Stopped by Stephon Williams with a rebound.
18:37 of 2nd period - Slapshot by Keegan Lowe.
18:37 of 2nd period - Shot Misses the Net.
18:39 of 2nd period - Slapshot by Keegan Lowe.
18:39 of 2nd period - Shot Misses the Net.
18:41 of 2nd period - Wrist shot by Zemgus Girgensons.
18:41 of 2nd period - Shot Misses the Net.
18:43 of 2nd period - Snap shot by Matt Frattin.
18:43 of 2nd period - Stopped by Calvin Pickard without a rebound.
18:44 of 2nd period - Maxime Macenauer wins face-off versus Chandler Stephenson in Mulligans zone.
18:44 of 2nd period - Thomas Hickey is hit by Keegan Lowe and loses puck.
18:49 of 2nd period - Snap shot by Tomas Jurco.
18:49 of 2nd period - Shot Blocked by Thomas Hickey.
18:51 of 2nd period - Slapshot by Scott Harrington.
18:51 of 2nd period - Stopped by Calvin Pickard without a rebound.
18:52 of 2nd period - Chandler Stephenson wins face-off versus Maxime Macenauer in Mulligans zone.
18:53 of 2nd period - Slapshot by Jan Mursak.
18:53 of 2nd period - Stopped by Calvin Pickard with a rebound.
18:55 of 2nd period - Slapshot by Tomas Jurco.
18:55 of 2nd period - Shot Misses the Net.
18:56 of 2nd period - Minor Penalty to Keegan Lowe for Holding.
18:57 of 2nd period - Nick Foligno wins face-off versus Anton Lander in Senators zone.
19:08 of 2nd period - Snap shot by Anton Lander.
19:08 of 2nd period - Stopped by Stephon Williams with a rebound.
19:10 of 2nd period - Wrist shot by Valeri Nichushkin.
19:10 of 2nd period - Stopped by Stephon Williams with a rebound.
19:22 of 2nd period - Scott Harrington is hit by Logan Shaw and loses puck.
19:44 of 2nd period - Icing by Ben Hutton.
19:45 of 2nd period - Matt Frattin wins face-off versus Anton Lander in Mulligans zone.
Goals for this period are 2 for Senators vs 1 for Mulligans.
Shots for this period are 11 for Senators vs 15 for Mulligans.
3rd period
0:01 of 3rd period - Anton Lander wins face-off versus Nick Foligno in neutral zone.
0:05 of 3rd period - Off-side.
0:06 of 3rd period - Nick Foligno wins face-off versus Anton Lander in neutral zone.
0:13 of 3rd period - Snap shot by Jan Mursak.
0:13 of 3rd period - Shot Misses the Net.
0:31 of 3rd period - Slapshot by Matt Frattin.
0:31 of 3rd period - Deflect By Andy Andreoff.
0:31 of 3rd period - Shot Blocked by Logan Shaw.
0:31 of 3rd period - Puck is out of play.
0:32 of 3rd period - Matt Frattin wins face-off versus Sam Bennett in Mulligans zone.
0:33 of 3rd period - Wrist shot by Andy Andreoff.
0:33 of 3rd period - Shot Blocked by Ben Hutton.
0:43 of 3rd period - Wrist shot by Logan Shaw.
0:43 of 3rd period - Goal by Logan Shaw - Senators : 2 - Mulligans : 3.
0:44 of 3rd period - Zemgus Girgensons wins face-off versus Anton Lander in neutral zone.
0:49 of 3rd period - Snap shot by Matt Frattin.
0:49 of 3rd period - Deflect By Thomas Hickey.
0:49 of 3rd period - Stopped by Calvin Pickard without a rebound.
0:50 of 3rd period - Zemgus Girgensons wins face-off versus Anton Lander in Mulligans zone.
1:49 of 3rd period - Slapshot by Jonathan Ferland.
1:49 of 3rd period - Stopped by Stephon Williams with a rebound.
2:24 of 3rd period - Slapshot by Tomas Jurco.
2:24 of 3rd period - Stopped by Calvin Pickard without a rebound.
2:25 of 3rd period - Anton Lander wins face-off versus Chandler Stephenson in Mulligans zone.
2:34 of 3rd period - Tomas Jurco is hit by Eric Tangradi and loses puck.
2:57 of 3rd period - Wrist shot by Jan Mursak.
2:57 of 3rd period - Shot Blocked by Cade Fairchild.
3:42 of 3rd period - Snap shot by Anton Lander.
3:42 of 3rd period - Shot Blocked by Keegan Lowe.
3:46 of 3rd period - Backhand shot by Eric Tangradi.
3:46 of 3rd period - Stopped by Stephon Williams with a rebound.
3:48 of 3rd period - Slapshot by Cade Fairchild.
3:48 of 3rd period - Stopped by Stephon Williams with a rebound.
3:50 of 3rd period - Slapshot by Eric Tangradi.
3:50 of 3rd period - Shot Blocked by Keegan Lowe.
3:52 of 3rd period - Slapshot by Cade Fairchild.
3:52 of 3rd period - Stopped by Stephon Williams with a rebound.
3:54 of 3rd period - Snap shot by Eric Tangradi.
3:54 of 3rd period - Deflect By Chandler Stephenson.
3:54 of 3rd period - Stopped by Stephon Williams without a rebound.
3:55 of 3rd period - Zemgus Girgensons wins face-off versus Maxime Macenauer in Senators zone.
4:08 of 3rd period - Snap shot by Nick Foligno.
4:08 of 3rd period - Stopped by Calvin Pickard without a rebound.
4:09 of 3rd period - Nick Foligno wins face-off versus Sam Bennett in Mulligans zone.
4:34 of 3rd period - Blake Coleman is hit by Drayson Bowman and loses puck.
4:55 of 3rd period - Slapshot by Dylan Blujus.
4:55 of 3rd period - Shot Misses the Net.
4:57 of 3rd period - Slapshot by Maxim Letunov.
4:57 of 3rd period - Goal by Maxim Letunov - Senators : 3 - Mulligans : 3.
4:58 of 3rd period - Zemgus Girgensons wins face-off versus Maxime Macenauer in neutral zone.
5:31 of 3rd period - Backhand shot by Keegan Lowe.
5:31 of 3rd period - Stopped by Calvin Pickard with a rebound.
6:33 of 3rd period - Grant Besse is hit by Michael Sdao and loses puck.
6:50 of 3rd period - Wrist shot by Eric Tangradi.
6:50 of 3rd period - Stopped by Stephon Williams with a rebound.
7:20 of 3rd period - Snap shot by Michal Repik.
7:20 of 3rd period - Deflect By Anton Lander.
7:20 of 3rd period - Stopped by Calvin Pickard with a rebound.
7:26 of 3rd period - Slapshot by Ben Hutton.
7:26 of 3rd period - Stopped by Stephon Williams without a rebound.
7:27 of 3rd period - Zemgus Girgensons wins face-off versus Logan Shaw in Senators zone.
7:40 of 3rd period - Snap shot by Matt Frattin.
7:40 of 3rd period - Deflect By Zemgus Girgensons.
7:40 of 3rd period - Stopped by Calvin Pickard with a rebound.
7:52 of 3rd period - Keegan Lowe is hit by Sven Baertschi and loses puck.
7:59 of 3rd period - Slapshot by Scott Harrington.
7:59 of 3rd period - Deflect By Jan Mursak.
7:59 of 3rd period - Stopped by Calvin Pickard without a rebound.
8:00 of 3rd period - Sam Bennett wins face-off versus Chandler Stephenson in Mulligans zone.
8:22 of 3rd period - Icing by Darren Dietz.
8:23 of 3rd period - Maxime Macenauer wins face-off versus Zemgus Girgensons in Mulligans zone.
8:32 of 3rd period - Keegan Lowe is hit by Logan Shaw and loses puck.
8:49 of 3rd period - Sam Bennett is hit by Jan Mursak and loses puck.
9:18 of 3rd period - Snap shot by Joonas Donskoi.
9:18 of 3rd period - Stopped by Stephon Williams with a rebound.
9:32 of 3rd period - Cody Goloubef is hit by Maxim Letunov and loses puck.
10:17 of 3rd period - Wrist shot by Tomas Jurco.
10:17 of 3rd period - Shot Misses the Net.
10:45 of 3rd period - Penalty Shot by Matt Beleskey for Mulligans.
10:45 of 3rd period - Snap shot by Matt Beleskey.
10:45 of 3rd period - Stopped by Stephon Williams.
10:46 of 3rd period - Maxime Macenauer wins face-off versus Zemgus Girgensons in Mulligans zone.
13:18 of 3rd period - Maxim Letunov is hit by Drayson Bowman and loses puck.
13:47 of 3rd period - Slapshot by Nick Foligno.
13:47 of 3rd period - Stopped by Calvin Pickard without a rebound.
13:48 of 3rd period - Zemgus Girgensons wins face-off versus Sam Bennett in Mulligans zone.
13:59 of 3rd period - Off-side.
14:00 of 3rd period - Maxime Macenauer wins face-off versus Zemgus Girgensons in neutral zone.
14:34 of 3rd period - Wrist shot by Jonathan Ferland.
14:34 of 3rd period - Stopped by Stephon Williams with a rebound.
14:48 of 3rd period - Anton Lander is hit by Tomas Jurco and loses puck.
14:57 of 3rd period - Wrist shot by Eric Tangradi.
14:57 of 3rd period - Goal by Eric Tangradi - Senators : 3 - Mulligans : 4.
14:58 of 3rd period - Maxime Macenauer wins face-off versus Chandler Stephenson in neutral zone.
15:05 of 3rd period - Snap shot by Maxime Macenauer.
15:05 of 3rd period - Stopped by Stephon Williams with a rebound.
15:07 of 3rd period - Wrist shot by Logan Shaw.
15:07 of 3rd period - Shot Misses the Net.
15:09 of 3rd period - Slapshot by Cody Goloubef.
15:09 of 3rd period - Stopped by Stephon Williams without a rebound.
15:10 of 3rd period - Blake Coleman wins face-off versus Sam Bennett in Senators zone.
15:12 of 3rd period - Minor Penalty to Keegan Lowe for Slashing.
15:13 of 3rd period - Anton Lander wins face-off versus Nick Foligno in Senators zone.
16:53 of 3rd period - Sam Bennett is hit by Mason Geertsen and loses puck.
17:12 of 3rd period - Penalty to Keegan Lowe is over, Keegan Lowe is back on ice.
17:29 of 3rd period - Mason Geertsen is hit by Joonas Donskoi and loses puck.
17:42 of 3rd period - Cade Fairchild is hit by Chandler Stephenson and loses puck.
17:59 of 3rd period - Slapshot by Keegan Lowe.
17:59 of 3rd period - Stopped by Calvin Pickard with a rebound.
18:23 of 3rd period - Wrist shot by Joonas Donskoi.
18:23 of 3rd period - Deflect By Maxime Macenauer.
18:23 of 3rd period - Shot Misses the Net.
18:23 of 3rd period - Puck is out of play.
18:24 of 3rd period - Anton Lander wins face-off versus Blake Coleman in Senators zone.
18:25 of 3rd period - Wrist shot by Eric Tangradi.
18:25 of 3rd period - Shot Blocked by Jack Dougherty.
18:27 of 3rd period - Slapshot by Valeri Nichushkin.
18:27 of 3rd period - Stopped by Stephon Williams with a rebound.
18:29 of 3rd period - Snap shot by Eric Tangradi.
18:29 of 3rd period - Stopped by Stephon Williams with a rebound.
18:31 of 3rd period - Wrist shot by Anton Lander.
18:31 of 3rd period - Deflect By Eric Tangradi.
18:31 of 3rd period - Shot Misses the Net.
18:31 of 3rd period - Puck is out of play.
18:32 of 3rd period - Anton Lander wins face-off versus Blake Coleman in Senators zone.
19:00 of 3rd period - Minor Penalty to Eric Tangradi for Goalie Interference.
19:01 of 3rd period - Maxime Macenauer wins face-off versus Zemgus Girgensons in Mulligans zone.
19:06 of 3rd period - Icing by Scott Harrington.
19:07 of 3rd period - Maxime Macenauer wins face-off versus Zemgus Girgensons in Senators zone.
19:22 of 3rd period - Senators, Stephon Williams is pulled from the net.
19:42 of 3rd period - Wrist shot by Tomas Jurco.
19:42 of 3rd period - Shot Blocked by Michael Sdao.
Goals for this period are 1 for Senators vs 2 for Mulligans.
Shots for this period are 10 for Senators vs 15 for Mulligans.
Back to the Top